 Dungeon Crawl Stone Soup version 0.23.2-40-g277498a001 (webtiles) character file.

Game seed: 10674292835362280846

4637 Aggronaut the Covert (level 10, -3/63 HPs)
             Began as a Vampire Enchanter on Oct 3, 2019.
             Was a Follower of Kikubaaqudgha.
             Slain by a killer bee (6 damage)
             ... on level 9 of the Dungeon.
             The game lasted 00:32:08 (12680 turns).

Aggronaut the Covert (Vampire Enchanter)           Turns: 12680, Time: 00:32:08

Health: -3/63      AC:  5    Str:  7    XL:     10   Next: 20%
Magic:  12/13      EV: 13    Int: 18    God:    Kikubaaqudgha [*.....]
Gold:   569        SH:  6    Dex: 18    Spells: 5/13 levels left

rFire    . . .     SeeInvis +   c - +2 dagger (venom)
rCold    + . .     Gourm    .   F - +0 buckler
rNeg     + + .     Faith    +   p - +1 robe {Archmagi}
rPois    +         Spirit   .   O - +0 helmet
rElec    .         Reflect  .   C - +0 cloak
rCorr    .         Harm     .   (no gloves)
MR       ++...                  (no boots)
Stlth    +++++++...             z - amulet of faith
HPRegen  0.10/turn              k - ring of flight
MPRegen  0.13/turn              y - ring of protection from magic

@: very slightly contaminated, regenerating slowly, studying Dodging
A: fangs 3, see invisible, unbreathing
a: Bat Form, Receive Corpses, Renounce Religion, Evoke Flight


You were on level 9 of the Dungeon.
You worshipped Kikubaaqudgha.
Kikubaaqudgha was aware of your devotion.
You were near bloodless.

You visited 2 branches of the dungeon, and saw 12 of its levels.
You also visited: Sewer and Ossuary.

You collected 569 gold pieces.

Inventory:

Hand Weapons
 c - a +2 dagger of venom (weapon)
 A - a +1 hand crossbow of velocity
Missiles
 B - 5 steel tomahawks (quivered)
Armour
 b - a +0 ring mail
 p - a +1 robe of the Archmagi (worn)
 C - a +0 cloak (worn)
 F - a +0 buckler (worn)
 I - a +1 leather armour of cold resistance
 O - a +0 helmet (worn)
Jewellery
 i - a +5 ring of strength {unknown}
 k - a ring of flight (left hand)
 u - a +3 ring of intelligence
 y - a ring of protection from magic (right hand)
 z - an amulet of faith (around neck)
 E - the ring of Darkness {-Tele rElec rC+ rN++ EV+3}
   (You found it on level 5 of the Dungeon)

   [ring of evasion]

   It affects your evasion (+3).
   It protects you from cold.
   It insulates you from electricity.
   It greatly protects you from negative energy.
   It prevents most forms of teleportation.
 J - a cursed ring of protection from cold {unknown}
 K - an uncursed ring of wizardry
 L - an uncursed ring of protection from magic
 N - an uncursed ring of stealth {unknown}
Wands
 G - a wand of polymorph (22)
Scrolls
 e - a scroll of blinking
 f - a scroll of magic mapping
 g - 3 scrolls of enchant weapon
 h - 5 scrolls of remove curse
 j - 5 scrolls of teleportation
 l - 2 scrolls of random uselessness {unknown}
 o - 3 scrolls of immolation {unknown}
 s - 2 scrolls of fear {unknown}
 t - 2 scrolls of fog {unknown}
 v - 2 scrolls of enchant armour {unknown}
 H - a scroll of noise {unknown}
 M - a scroll of identify
Potions
 d - 4 potions of blood
 m - 4 potions of agility
 n - 2 potions of cancellation
 q - 5 potions of magic
 r - 7 potions of flight
 w - a potion of mutation
 x - 4 potions of curing
 D - a potion of lignification
Books
 a - a manual of Dodging


   Skills:
 - Level 10.0 Short Blades
 - Level 2.1 Dodging
 + Level 14.7 Stealth
 - Level 4.5 Shields
 - Level 2.0 Spellcasting
 - Level 8.0 Hexes


You had 5 spell levels left.
You knew the following spells:

 Your Spells              Type           Power        Failure   Level  Hunger
a - Dazzling Spray        Conj/Hex       ###...       11%         3    ###....
b - Ensorcelled Hibernat  Hex/Ice        ###...       5%          2    ###....
c - Confuse               Hex            #####...     1%          3    ###....

Your spell library contained the following spells:

 Spells                   Type           Power        Failure   Level  Hunger
 Corona                   Hex            #####..      1%          1    #......
 Tukima's Dance           Hex            #####...     1%          3    ###....
 Pain                     Necr           #...         19%         1    #......
 Corpse Rot               Necr           N/A          26%         2    ###....
 Sublimation of Blood     Necr           #.........   26%         2    ###....
 Regeneration             Chrm/Necr      #.........   47%         3    ###....


Dungeon Overview and Level Annotations

Branches:
Dungeon (11/15)            Temple (1/1) D:6            Lair (0/6) D:11
    Orc: D:9-12

Altars:
Ashenzari
Cheibriados
Dithmenos
Elyvilon
Fedhas
Gozag
Hepliaklqana
Kikubaaqudgha
Makhleb
Nemelex Xobeh
Okawaru
Qazlal
Ru
Sif Muna
Trog
Uskayaw
Vehumet
Wu Jian
Xom
Yredelemnul
Zin
The Shining One

Annotations:
D:11 exclusion: oklob plant


Innate Abilities, Weirdness & Mutations

You heal slowly.
You have razor-sharp teeth.
You have supernaturally acute eyesight. (SInv)
You can survive without breathing.


Message History

You feel a surge of power!
The killer bee resists with significant effort.
The killer bee stings you.
* * * LOW HITPOINT WARNING * * *
The killer bee stings you.
* * * LOW HITPOINT WARNING * * *
The killer bee stings you!
* * * LOW HITPOINT WARNING * * *
You block the killer bee's attack.
The killer bee stings you but does no damage.
Okay, then.
Blink to where?
Press: ? - help, Dir - move target cursor, p - killer bee You are very lightly contaminated with residual magic.
As you read the scroll of blinking, it crumbles to dust.
You hit the killer bee.
The killer bee is moderately wounded.
The killer bee stings you.
You die...
Kikubaaqudgha rasps: "You have failed me!
Welcome... oblivion!"

#..# #..######..#####..#
#..#######.........).......#
#...........................
#.#######...#####.<.........
#.# #...# #...########
#.#######...#####...........
#...........................
#...........########........
#.#######..@# #..###### #.#
#..y# #..# #.# #...# #..#
#.# #...# #..# #.#######...#
###..# #h.§y.............
.... #.#############..# ####
#.# .# #.# ..####


You could see a killer bee.

Vanquished Creatures
  Erica (D:9)
  A cyclops (D:9)
  The ghost of DroneFragger the Chopper, a novice HOFi (D:5)
  The ghost of kalagan the Digger, an amateur GrEE (D:3)
  The ghost of grouchysmurf the Cudgeler, an amateur GrBe of Trog (D:3)
  A sky beast (D:6)
  An ice beast (D:6)
  The ghost of freakyemo the Chopper, an amateur HOBe of Trog (D:3)
  A phantom (D:10)
  2 orc warriors
  6 ogres
  2 bullfrogs
  3 big kobolds (Sewer)
  2 gnoll sergeants (D:5)
  A scorpion (D:5)
  A killer bee (D:9)
  3 wights (D:9)
  3 howler monkeys
  4 crimson imps
  A human zombie (Ossuary)
  3 hounds
  A jelly (D:8)
  A gnoll shaman (D:5)
  An orc priest (D:6)
  An iguana (D:5)
  8 orc wizards
  3 worker ants (D:4)
  A killer bee zombie (D:9)
  3 big kobold zombies (Ossuary)
  A hound zombie (Ossuary)
  A hound skeleton (D:5)
  4 mummies (Ossuary)
  11 gnolls (D:5)
  10 adders
  A river rat (Sewer)
  2 oozes
  An adder skeleton (D:4)
  An adder zombie (Ossuary)
  7 worms
  4 dart slugs
  5 leopard geckos
  8 orcs
  9 giant cockroaches
  3 gnoll zombies (Ossuary)
  14 goblins
  5 hobgoblins
  7 jackals
  3 quokkas
  7 ball pythons
  6 bats
  5 frilled lizards
  A goblin zombie (Ossuary)
  9 kobolds
  A kobold zombie (Ossuary)
  A leopard gecko skeleton (D:5)
  7 rats
  A rat zombie (Ossuary)
  A spectral orc (D:2)
195 creatures vanquished.

Vanquished Creatures (others)
  5 plants (D:5)
5 creatures vanquished.

Grand Total: 200 creatures vanquished

Notes
Turn   | Place    | Note
-------+----------+-------------------------------------------
     0 | D:1      | Aggronaut the Vampire Enchanter began the quest for the
                  | Orb.
     0 | D:1      | Reached XP level 1. HP: 13/13 MP: 3/3
   159 | D:1      | Reached XP level 2. HP: 19/19 MP: 5/5
   272 | D:1      | Reached skill level 5 in Hexes
   593 | D:1      | Reached XP level 3. HP: 21/24 MP: 6/6
   594 | D:1      | Reached skill level 5 in Stealth
   708 | D:2      | Learned a level 2 spell: Ensorcelled Hibernation
   712 | D:2      | Learned a level 3 spell: Confuse
   957 | D:2      | Reached XP level 4. HP: 30/30 MP: 7/7
  1016 | D:2      | Found a basalt altar of Yredelemnul.
  1359 | D:3      | Found a glowing drain.
  1374 | Sewer    | Entered a sewer
  2126 | Sewer    | Reached XP level 5. HP: 35/35 MP: 8/8
  2153 | Sewer    | Reached skill level 6 in Stealth
  2236 | Sewer    | Reached XP level 6. HP: 35/41 MP: 4/9
  2833 | D:3      | Found a runed translucent gate.
  2833 | D:3      | Found a runed translucent gate.
  2836 | D:3      | Found a runed translucent gate.
  2836 | D:3      | Noticed grouchysmurf's ghost (amateur GrBe)
  2836 | D:3      | Noticed kalagan's ghost (amateur GrEE)
  2837 | D:3      | Noticed freakyemo's ghost (amateur HOBe)
  3590 | D:3      | Learned a level 3 spell: Dazzling Spray
  3607 | D:3      | Killed kalagan's ghost
  3607 | D:3      | Reached skill level 7 in Stealth
  3607 | D:3      | Reached XP level 7. HP: 42/46 MP: 4/10
  3773 | D:3      | Killed freakyemo's ghost
  3773 | D:3      | Reached skill level 8 in Stealth
  4211 | D:3      | Killed grouchysmurf's ghost
  4211 | D:3      | Reached skill level 5 in Short Blades
  4338 | D:4      | Reached skill level 9 in Stealth
  4542 | D:4      | Reached XP level 8. HP: 43/52 MP: 3/11
  5012 | D:4      | Reached skill level 10 in Stealth
  5997 | D:5      | Entered Level 5 of the Dungeon
  6311 | D:5      | Reached skill level 11 in Stealth
  6444 | D:5      | Found a transporter.
  6489 | D:5      | Found a transporter.
  6500 | D:5      | Noticed DroneFragger's ghost (novice HOFi)
  7440 | D:5      | Got a crude jade ring
  7462 | D:5      | Killed DroneFragger's ghost
  7462 | D:5      | Reached skill level 12 in Stealth
  7462 | D:5      | Reached XP level 9. HP: 28/57 MP: 2/12
  8129 | D:6      | Identified the ring of Darkness {-Tele rElec rC+ rN++ EV+3}
                  | (You found it on level 5 of the Dungeon)
  8135 | D:6      | Reached skill level 13 in Stealth
  8361 | D:6      | Found a staircase to the Ecumenical Temple.
  8401 | Temple   | Entered the Ecumenical Temple
  8452 | Temple   | Became a worshipper of Kikubaaqudgha
  8879 | D:8      | Found a sacrificial altar of Ru.
  9056 | D:8      | Reached skill level 1 in Shields
  9441 | D:8      | Found a sand-covered staircase.
  9446 | Ossuary  | Entered an ossuary
  9478 | Ossuary  | Reached * piety under Kikubaaqudgha
  9478 | Ossuary  | Identified Kikubaaqudgha's Incunabulum of Sinister Arts
                  | (Kikubaaqudgha gifted it to you in an ossuary)
  9478 | Ossuary  | Received a gift from Kikubaaqudgha
 10910 | D:9      | Noticed a cyclops
 10917 | D:9      | Killed a cyclops
 10917 | D:9      | Reached skill level 10 in Short Blades
 10917 | D:9      | Reached skill level 14 in Stealth
 11456 | D:9      | You fall through a shaft for 2 floors!
 11475 | D:11     | Found a staircase to the Lair.
 11523 | D:11     | Noticed an oklob plant
 11587 | D:10     | Entered Level 10 of the Dungeon
 11596 | D:10     | Reached XP level 10. HP: 60/63 MP: 6/13
 11624 | D:10     | Noticed Erica
 11647 | D:9      | HP: 3/63 [Erica/bolt of poison (7)]
 12087 | D:9      | Killed Erica
 12672 | D:9      | HP: 3/63 [killer bee (9)]
 12680 | D:9      | Slain by a killer bee

Skill      XL: |  1  2  3  4  5  6  7  8  9 10 |
---------------+-------------------------------+-----
Hexes          | 5 6 7 8 |  8.0
Stealth        | 5 6 7 9 12 14 | 14.7
Short Blades   | 2 3 4 6 8 10 | 10.0
Shields        | 3 4 |  4.5
Dodging        | |  2.1
Spellcasting   | |  2.0

Action                   |  1- 3 |  4- 6 |  7- 9 | 10-12 || total
-------------------------+-------+-------+-------+-------++-------
Melee: Dagger            |    89 |   152 |   350 |    31 ||   622
       Bite              |     8 |    10 |    34 |     1 ||    53
 Cast: Corona            |     1 |       |       |       ||     1
       Ensorcelled Hiber |       |     9 |    21 |     8 ||    38
       Confuse           |       |     2 |    26 |     7 ||    35
Evoke: Wand              |       |       |       |     1 ||     1
  Use: Scroll            |     4 |     3 |    11 |     2 ||    20
       Potion            |       |     1 |    11 |     5 ||    17
 Stab: Sleeping          |     6 |    16 |    52 |       ||    74
       Distracted        |     1 |       |       |       ||     1
       Confused          |       |     2 |    16 |     2 ||    20
  Eat: Corpse            |     1 |       |     3 |       ||     4
Armor: Robe              |     7 |       |       |     8 ||    15
       Ring mail         |     4 |    47 |    40 |       ||    91
       Leather armour    |     1 |       |    19 |       ||    20
Dodge: Dodged            |    63 |    53 |   128 |    27 ||   271
Block: Buckler           |       |       |    19 |    18 ||    37
